 Dungeon Crawl Stone Soup version 0.19.0-22-gd96e5fe (webtiles) character file.

2788 vev the Cleaver (level 9, 0/70 HPs)
             Began as a Hill Orc Gladiator on Nov 19, 2016.
             Was a Believer of Makhleb.
             Slain by Joseph
             ... wielding a +0 quarterstaff
              (2 damage)
             ... on level 7 of the Dungeon.
             The game lasted 00:07:09 (6366 turns).

vev the Cleaver (Hill Orc Gladiator)                Turns: 6366, Time: 00:07:10

Health: 0/70       AC:  8    Str: 16    XL:     9   Next: 71%
Magic:  13/13      EV: 13    Int:  8    God:    Makhleb [**....]
Gold:   298        SH:  0    Dex: 12    Spells: 0 memorised, 8 levels left

rFire  + . .     SeeInvis .     C - +2 battleaxe
rCold  . . .     Gourm    .     i - +0 ring mail
rNeg   . . .     Faith    .     (shield currently unavailable)
rPois  .         Spirit   .     c - +0 helmet
rElec  .         Reflect  .     (no cloak)
rCorr  .         Harm     .     (no gloves)
MR     .....     Clarity  +     A - +0 pair of boots
Stlth  +.........               (no amulet)
                                D - ring of protection from fire
                                l - -2 ring of strength

@: drained
A: claws 1, clarity, clumsy 1, frail 1
a: Minor Destruction, Renounce Religion


You were on level 7 of the Dungeon.
You worshipped Makhleb.
Makhleb was pleased with you.
You were not hungry.

You visited 2 branches of the dungeon, and saw 10 of its levels.

You collected 298 gold pieces.

Inventory:

Hand Weapons
 a - a +0 war axe
 C - a +2 battleaxe (weapon)
Missiles
 d - 3 throwing nets (quivered)
Armour
 b - a +0 leather armour
 c - a +0 helmet (worn)
 i - a +0 ring mail (worn)
 t - a +0 chain mail
 u - a +0 pair of boots
 A - a +0 pair of boots (worn)
Jewellery
 l - a -2 ring of strength (left claw)
 p - a +3 ring of intelligence {unknown}
 w - the ring of Facasmoc {Str+3 Slay+2}
   (You found it on level 6 of the Dungeon)

   [ring of strength]

   It affects your strength (+3).
   It affects your accuracy and damage with ranged weapons and melee attacks
   (+2).
 D - a ring of protection from fire (right claw)
Scrolls
 e - a scroll of identify
 h - 2 scrolls of amnesia
 m - a scroll of fear
 n - 3 scrolls of magic mapping
 q - 3 scrolls of remove curse
 r - a scroll of recharging
Potions
 g - a potion of mutation
 j - 2 potions of flight
 v - a potion of resistance
 z - a potion of agility
 B - a potion of haste
 E - a potion of curing
Comestibles
 f - 4 bread rations
 o - a slice of pizza
 s - 4 meat rations
 x - a beef jerky


   Skills:
 + Level 6.7(6.2) Fighting
 * Level 10.5(10.0) Axes
 - Level 1.7(1.3) Throwing
 + Level 5.7(5.2) Armour
 + Level 5.1(4.6) Dodging
 + Level 6.5(6.0) Invocations


You had 8 spell levels left.
You didn't know any spells.

Dungeon Overview and Level Annotations

Branches:
Dungeon (9/15)             Temple (1/1) D:5
   Lair: D:8-11         Orc: D:9-12

Altars:
Fedhas
Gozag
Makhleb
Ru
Trog
Vehumet

Annotations:
D:3 1 runed door, Kenran's ghost, weakling HOFi
D:7 Joseph


Innate Abilities, Weirdness & Mutations

You have sharp fingernails.
You possess an exceptional clarity of mind.
You are clumsy. (Dex -2)
You are frail. (-10% HP)


Message History

Joseph hits you but does no damage.
You slice Joseph!!
Joseph is almost dead.
Joseph closely misses you.
You barely miss Joseph.
Joseph is almost dead.
Joseph hits you with an uncursed quarterstaff!
* * * LOW HITPOINT WARNING * * *
You hit Joseph but do no damage.
Joseph is almost dead.
Joseph hits you with an uncursed quarterstaff!
* * * LOW HITPOINT WARNING * * *
You barely miss Joseph.
Joseph is almost dead.
Joseph hits you with an uncursed quarterstaff!
* * * LOW HITPOINT WARNING * * *
You hit Joseph.
Joseph is almost dead.
Joseph hits you with an uncursed quarterstaff.
You die...

*,******#.#####.####........#*.#
*,* #.#......((@.#.######*,* *,*
#.#.####.#####.# *,* ,,*
#.#........,,#.#******,* ,,*
#...##...#,,.#..,,,,,,,* ,,*
#.#.##...##.####******** *,**
#.#..........,* *,,*
#.###....##.*,* **,* #.#
#...@.#,*,*
*,*****#.#*#####@#,*,*
*,,,,,,...,,,* *r#,*,*
**,,***#.#**,***.#,*,*
*,,*,,...,*,,,,.#,,,*
***,,*,*#>#,*,,**##********
,,,*,*,*#.#,*,,,,,,,,,,,<,*
,,,*,*,**,*,,,,***,,,,***,*
,,,*,,,**,****** *,,,,* *,*


You could see Joseph and a quokka.

Vanquished Creatures
  Pikel (D:8)
  Eustachio (D:5)
  Menkaure (D:7)
  A sky beast (D:5)
  A black bear (D:8)
  A slave (D:8)
  3 ogres
  5 centaurs
  4 bullfrogs
  2 scorpions
  5 wights (D:8)
  A howler monkey (D:5)
  2 crimson imps
  A centaur zombie (D:6)
  2 hounds
  An orc priest (D:6)
  5 orc wizards
  3 worker ants
  An iguana (D:8)
  A howler monkey zombie (D:9)
  6 adders
  4 gnolls
  2 shadow imps
  An ooze (D:1)
  An adder skeleton (D:5)
  A worm (D:2)
  5 dart slugs
  4 leopard geckos
  23 orcs
  4 giant cockroaches
  2 goblins (D:1)
  5 hobgoblins
  13 jackals
  A quokka (D:5)
  3 ball pythons
  3 bats (D:3)
  3 frilled lizards
  A giant cockroach zombie (D:5)
  A jackal skeleton (D:4)
  6 kobolds
  A quokka skeleton (D:7)
  5 rats
137 creatures vanquished.

Vanquished Creatures (others)
  An orc wizard (D:3)
  A shadow imp (D:8)
2 creatures vanquished.

Grand Total: 139 creatures vanquished

Notes
Turn   | Place    | Note
-------+----------+-------------------------------------------
     0 | D:1      | vev the Hill Orc Gladiator began the quest for the Orb.
     0 | D:1      | Reached XP level 1. HP: 18/18 MP: 1/1
   149 | D:1      | Reached XP level 2. HP: 20/25 MP: 2/2
   225 | D:1      | Reached skill level 1 in Armour
   226 | D:1      | Reached XP level 3. HP: 23/30 MP: 3/3
   347 | D:1      | You fall through a shaft!
   353 | D:2      | Found a burning altar of Makhleb.
   386 | D:2      | Became a worshipper of Makhleb the Destroyer
   469 | D:2      | Found an opulent altar of Gozag.
   558 | D:2      | HP: 3/30 [poisoned by an adder]
   567 | D:2      | Reached skill level 3 in Fighting
   891 | D:2      | Reached XP level 4. HP: 34/38 MP: 4/4
  1171 | D:2      | Reached skill level 1 in Invocations
  1470 | D:3      | Found a blossoming altar of Fedhas.
  1480 | D:3      | Reached skill level 5 in Axes
  1546 | D:3      | Found a faded altar of an unknown god.
  1667 | D:3      | Found a runed door.
  1711 | D:3      | Reached skill level 2 in Armour
  1711 | D:3      | Reached XP level 5. HP: 34/45 MP: 5/5
  1864 | D:3      | Found a sacrificial altar of Ru.
  1872 | D:3      | Reached * piety under Makhleb
  1945 | D:3      | Reached skill level 3 in Dodging
  2053 | D:3      | Noticed Kenran's ghost (weakling HOFi)
  2079 | D:3      | HP: 3/46 [Kenran's ghost (4)]
  2597 | D:4      | Reached skill level 6 in Axes
  2597 | D:4      | Reached XP level 6. HP: 37/52 MP: 7/7
  2661 | D:4      | HP: 4/52 [centaur (6)]
  2661 | D:4      | HP: 1/52 [centaur (3)]
  2665 | D:4      | Reached skill level 2 in Invocations
  2668 | D:4      | Reached skill level 4 in Fighting
  2668 | D:4      | Reached skill level 3 in Armour
  2833 | D:4      | Reached skill level 3 in Invocations
  2833 | D:4      | Reached XP level 7. HP: 30/60 MP: 9/9
  2865 | D:5      | Entered Level 5 of the Dungeon
  3356 | D:5      | Found a staircase to the Ecumenical Temple.
  3369 | D:5      | Noticed Eustachio
  3393 | D:5      | Killed Eustachio
  3393 | D:5      | Reached skill level 7 in Axes
  3930 | D:5      | Reached skill level 5 in Fighting
  3930 | D:5      | Reached skill level 4 in Invocations
  3930 | D:5      | Reached XP level 8. HP: 48/68 MP: 9/11
  4263 | D:5      | Reached skill level 8 in Axes
  4263 | D:5      | Reached skill level 4 in Armour
  4267 | D:5      | Gained mutation: You are clumsy. (Dex -2) [mutagenic meat]
  4268 | D:5      | Gained mutation: You are frail. (-10% HP) [mutagenic meat]
  4269 | D:5      | Gained mutation: You have sharp fingernails. [mutagenic meat]
  4325 | Temple   | Entered the Ecumenical Temple
  4378 | D:6      | Got a vibrating copper ring
  4379 | D:6      | Identified the ring of Facasmoc {Str+3 Slay+2} (You found it on level 6 of the Dungeon)
  4458 | D:6      | Reached skill level 4 in Dodging
  4533 | D:6      | Found a radiant altar of Vehumet.
  4533 | D:6      | Found a faded altar of an unknown god.
  4539 | D:6      | Found a faded altar of an unknown god.
  4541 | D:6      | Found a faded altar of an unknown god.
  4543 | D:6      | Found a faded altar of an unknown god.
  4623 | D:6      | Reached ** piety under Makhleb
  4660 | D:7      | HP: 5/61 [centaur/arrow (9)]
  4662 | D:7      | Gained mutation: You possess an exceptional clarity of mind. [potion of mutation]
  5005 | D:7      | Noticed Joseph
  5007 | D:7      | Noticed Menkaure
  5123 | D:8      | Reached skill level 5 in Invocations
  5131 | D:8      | Noticed Pikel
  5149 | D:8      | Killed Pikel
  5149 | D:8      | Reached skill level 6 in Fighting
  5149 | D:8      | Reached skill level 9 in Axes
  5149 | D:8      | Reached skill level 5 in Armour
  5149 | D:8      | Reached XP level 9. HP: 65/67 MP: 11/13
  5248 | D:7      | Reached skill level 6 in Invocations
  5357 | D:7      | Killed Menkaure
  5357 | D:7      | Reached skill level 10 in Axes
  5587 | D:8      | Found a bloodstained altar of Trog.
  5650 | D:8      | Reached skill level 5 in Dodging
  6365 | D:7      | HP: 2/70 [Joseph/uncursed quarterstaff (11)]
  6366 | D:7      | Slain by Joseph

Skill      XL: |  1  2  3  4  5  6  7  8  9 |
---------------+----------------------------+-----
Armour         | 1 2 3 5 |  5.7
Fighting       | 3 4 5 6 |  6.7
Invocations    | 1 3 4 5 6 |  6.5
Axes           | 5 6 7 9 10 | 10.5
Dodging        | 3 4 5 |  5.1
Throwing       | |  1.7

Action                   |  1- 3 |  4- 6 |  7- 9 || total
-------------------------+-------+-------+-------++-------
Melee: War axe           |    98 |   150 |   295 ||   543
       Battleaxe         |       |       |    10 ||    10
  Use: Potion            |     2 |     4 |     1 ||     7
       Scroll            |       |       |    10 ||    10
 Stab: Invisible         |       |     1 |       ||     1
       Paralysed         |       |     1 |       ||     1
  Eat: Chunk             |       |     6 |    15 ||    21
Armor: Leather armour    |     9 |       |       ||     9
       Ring mail         |    32 |    51 |   111 ||   194
Dodge: Dodged            |    69 |   106 |   228 ||   403
